AoeStats
← Scelerat

Arabia

504709053Analyzed
1v1 RM · 25d ago on Sep 6, 2026· 30m 51s· 2 players
Game mode
Random Map
Map size
Tiny (2 player)
Population
200
Speed
Normal
Resources
Standard
Victory
Conquest
Starting age
Dark Age
Ending age
Imperial Age
RankedLock teamsTeams togetherTeam positionsShared explorationLock speedFull tech treeHidden civsTurbo modeCheats
Victory
Defeat
🇫🇷 Japanese · France
672
+18
🇸🇰 Maya · Slovakia
709
-25
Scelerat
11:40 Feudal Age
11:44 Man-at-Arms
25:39 Castle Age
24:11 Arson
24:32 Double-Bit Axe
24:33 Horse Collar
26:47 Squires
27:34 Scale Mail Armor
27:47 Forging
27:38 Padded Archer Armor
28:03 Long Swordsman
sebo2010
10:08 Feudal Age
10:41 Double-Bit Axe
16:23 Loom
16:35 Horse Collar
17:32 Forging
24:30 Castle Age
24:38 Scale Mail Armor
25:28 Town Watch
26:21 Wheelbarrow
25:52 Fletching
26:19 Elite Skirmisher
26:29 Eagle Warrior
28:22 Bodkin Arrow
Connection lost

Rejoining the realm…

Still unreachable

The connection could not be restored.

Session expired

The server has moved on; the page needs a fresh start.